TOP OF THE 1ST |
Balboa Buccaneers batting - Pitching for Wichita Outriders : RHP Jim Unknown
|
Pitching: RHP Jim Unknown
|
|
Batting: SHB Theodore Buck
|
0-0: Foul Ball, location: 2F 0-1: Ball 1-1: SINGLE (Line Drive, 78M)
|
Batting: RHB César Garza
|
0-0: Called Strike 0-1: Called Strike 0-2: Strikes out swinging
|
Batting: LHB Bellchyor Lebrim
|
0-0: SINGLE (Groundball, 34D) Theodore Buck to second Runner from 2nd tries for 3rd, SAFE, no throw or cutoff
|
Batting: RHB Jeff Bass
|
0-0: Ball 1-0: Foul Ball, location: 2F 1-1: Ball 2-1: Foul Ball, location: 2F 2-2: Foul Ball, location: 2F 2-2: DOUBLE (Flyball, 89M) Theodore Buck scores Bellchyor Lebrim to third
|
Batting: RHB Jean Lemaire
|
0-0: Called Strike 0-1: Foul Ball, location: 2F 0-2: Strikes out swinging
|
Batting: RHB Leonard James
|
0-0: Called Strike 0-1: DOUBLE (Groundball, 5L) Bellchyor Lebrim scores Jeff Bass scores
|
Batting: RHB Bill Manning
|
0-0: Swinging Strike 0-1: Foul Ball, location: 2F 0-2: Ball 1-2: Strikes out swinging
|
Top of the 1st over - 3 run(s), 4 hit(s), 0 error(s), 1 left on base; Balboa 3 - Wichita 0 |
BOTTOM OF THE 1ST |
Wichita Outriders batting - Pitching for Balboa Buccaneers : LHP Albert Lucas
|
Pitching: LHP Albert Lucas
|
|
Batting: RHB Jorge Vázquez
|
0-0: Called Strike 0-1: Ball 1-1: Foul Ball, location: 2F 1-2: Ball 2-2: Foul Ball, location: 2F 2-2: Foul Ball, location: 2F 2-2: Foul Ball, location: 2F 2-2: Fly out, F3 (Popup, 3)
|
Batting: LHB Jim Unknown
|
0-0: Fly out, F8 (Flyball, 8LXD)
|
Batting: LHB Herman Gilliland
|
0-0: Ball 1-0: Ball 2-0: Ball 3-0: Foul Ball, location: 2F 3-1: Foul Ball, location: 2F 3-2: Foul Ball, location: 2F 3-2: Foul Ball, location: 2F 3-2: Foul Ball, location: 2F 3-2: Foul Ball, location: 2F 3-2: Base on Balls
|
Batting: RHB Ron Humboldt
|
0-0: Ball 1-0: Foul Ball, location: 2F 1-1: Foul Ball, location: 2F 1-2: Ball 2-2: Strikes out swinging
|
Bottom of the 1st over - 0 run(s), 0 hit(s), 0 error(s), 1 left on base; Balboa 3 - Wichita 0 |
TOP OF THE 2ND |
Balboa Buccaneers batting - Pitching for Wichita Outriders : RHP Jim Unknown
|
Batting: LHB Anthony Trigg
|
0-0: Called Strike 0-1: Fly out, F7 (Line Drive, 7M)
|
Batting: LHB Jafar Taha
|
0-0: Foul Ball, location: 2F 0-1: Fly out, F9 (Flyball, 89XD)
|
Batting: SHB Theodore Buck
|
0-0: Ball 1-0: SOLO HOME RUN (Flyball, 89XD), Distance : 407 ft
|
Batting: RHB César Garza
|
0-0: Ball 1-0: Fly out, F7 (Flyball, 78S)
|
Top of the 2nd over - 1 run(s), 1 hit(s), 0 error(s), 0 left on base; Balboa 4 - Wichita 0 |
BOTTOM OF THE 2ND |
Wichita Outriders batting - Pitching for Balboa Buccaneers : LHP Albert Lucas
|
Batting: SHB Jim Unknown
|
0-0: Ball 1-0: Ball 2-0: Called Strike 2-1: Called Strike 2-2: Ball 3-2: Base on Balls
|
Batting: RHB Jim Unknown
|
0-0: Called Strike 0-1: Ball Single, Error in OF, E9, batter to second base Jim Unknown to third
|
Batting: RHB Christian O'Neal
|
0-0: Ball 1-0: SINGLE (Line Drive, 89S) Jim Unknown scores Jim Unknown to third
|
Batting: RHB Jorge Rocha
|
0-0: Ball 1-0: Ball 2-0: Called Strike 2-1: Fly out, F8 (Flyball, 8LXD) Runner from 3rd tags up, SCORES, no throw
|
Batting: RHB Jim Unknown
|
0-0: Ball 1-0: Swinging Strike 1-1: Fly out, F8 (Flyball, 8RM)
|
Batting: RHB Jorge Vázquez
|
0-0: Called Strike 0-1: Ball 1-1: Ground out 6-3 (Groundball, 6)
|
Bottom of the 2nd over - 2 run(s), 2 hit(s), 1 error(s), 1 left on base; Balboa 4 - Wichita 2 |
TOP OF THE 3RD |
Balboa Buccaneers batting - Pitching for Wichita Outriders : RHP Jim Unknown
|
Batting: LHB Bellchyor Lebrim
|
0-0: Ball 1-0: Foul Ball, location: 2F 1-1: SINGLE (Flyball, 8RS)
|
Batting: RHB Jeff Bass
|
0-0: Called Strike 0-1: Ball 1-1: Ball 2-1: Called Strike 2-2: Grounds into double play, 5-4-3 (Groundball, 5)
|
Batting: RHB Jean Lemaire
|
0-0: Called Strike 0-1: Ball 1-1: Swinging Strike 1-2: Strikes out swinging
|
Top of the 3rd over - 0 run(s), 1 hit(s), 0 error(s), 0 left on base; Balboa 4 - Wichita 2 |
BOTTOM OF THE 3RD |
Wichita Outriders batting - Pitching for Balboa Buccaneers : LHP Albert Lucas
|
Batting: LHB Jim Unknown
|
0-0: Foul Ball, location: 2F 0-1: Ball 1-1: Ground out 6-3 (Groundball, 6)
|
Batting: LHB Herman Gilliland
|
0-0: Ball 1-0: Ground out 4-3 (Groundball, 4)
|
Batting: RHB Ron Humboldt
|
0-0: Ball 1-0: Ground out 1-3 (Groundball, 15S)
|
Bottom of the 3rd over - 0 run(s), 0 hit(s), 0 error(s), 0 left on base; Balboa 4 - Wichita 2 |
TOP OF THE 4TH |
Balboa Buccaneers batting - Pitching for Wichita Outriders : RHP Jim Unknown
|
Batting: RHB Leonard James
|
0-0: Fly out, F9 (Flyball, 89M)
|
Batting: RHB Bill Manning
|
0-0: Swinging Strike 0-1: Ball 1-1: Fly out, F4 (Popup, 4D)
|
Batting: LHB Anthony Trigg
|
0-0: Fly out, F6 (Line Drive, 6)
|
Top of the 4th over - 0 run(s), 0 hit(s), 0 error(s), 0 left on base; Balboa 4 - Wichita 2 |
BOTTOM OF THE 4TH |
Wichita Outriders batting - Pitching for Balboa Buccaneers : LHP Albert Lucas
|
Batting: SHB Jim Unknown
|
0-0: Ball 1-0: Ball 2-0: Called Strike 2-1: Foul Ball, location: 2F 2-2: Foul Ball, location: 2F 2-2: Foul Ball, location: 2F 2-2: Ground out 6-3 (Groundball, 56)
|
Batting: RHB Jim Unknown
|
0-0: Ball 1-0: Foul Ball, location: 2F 1-1: Ball 2-1: Called Strike 2-2: SINGLE (Popup, 3D)
|
Batting: RHB Christian O'Neal
|
0-0: Ball 1-0: Ball 2-0: Called Strike 2-1: Ball 3-1: SINGLE (Line Drive, 89S) Jim Unknown to second
|
Batting: RHB Jorge Rocha
|
0-0: Ball 1-0: Ball 2-0: Called Strike 2-1: Ball 3-1: Base on Balls Jim Unknown to third Christian O'Neal to second
|
Batting: RHB Jim Unknown
|
0-0: Ball 1-0: Foul Ball, location: 2F 1-1: Called Strike 1-2: Ball 2-2: Strikes out swinging
|
Batting: RHB Jorge Vázquez
|
0-0: Called Strike 0-1: Swinging Strike 0-2: Strikes out swinging
|
Bottom of the 4th over - 0 run(s), 2 hit(s), 0 error(s), 3 left on base; Balboa 4 - Wichita 2 |
TOP OF THE 5TH |
Balboa Buccaneers batting - Pitching for Wichita Outriders : RHP Jim Unknown
|
Batting: LHB Jafar Taha
|
0-0: Called Strike 0-1: Fly out, F7 (Flyball, 7M)
|
Batting: SHB Theodore Buck
|
0-0: Bunt for hit - play at first, batter OUT! 2-3
|
Batting: RHB César Garza
|
0-0: Ball 1-0: Ball 2-0: Ground out 4-3 (Groundball, 4)
|
Top of the 5th over - 0 run(s), 0 hit(s), 0 error(s), 0 left on base; Balboa 4 - Wichita 2 |
BOTTOM OF THE 5TH |
Wichita Outriders batting - Pitching for Balboa Buccaneers : LHP Albert Lucas
|
Batting: LHB Jim Unknown
|
0-0: SINGLE (Groundball, 25) (infield hit)
|
Batting: LHB Herman Gilliland
|
0-0: Foul Ball, location: 2F 0-1: Ball 1-1: Reached on error, E4 (Groundball, 34) Jim Unknown to second
|
Batting: RHB Ron Humboldt
|
0-0: Foul Ball, location: 2F 0-1: Foul Ball, location: 2F 0-2: Strikes out swinging
|
Batting: SHB Jim Unknown
|
0-0: Ball 1-0: Called Strike 1-1: Foul Ball, location: 2F 1-2: Fly out, F9 (Flyball, 89M)
|
Batting: RHB Jim Unknown
|
0-0: Called Strike 0-1: DOUBLE (Groundball, 5L) Jim Unknown scores Herman Gilliland to third
|
Batting: RHB Christian O'Neal
|
0-0: Called Strike 0-1: Fly out, F4 (Popup, 34D)
|
Bottom of the 5th over - 1 run(s), 2 hit(s), 1 error(s), 2 left on base; Balboa 4 - Wichita 3 |
TOP OF THE 6TH |
Balboa Buccaneers batting - Pitching for Wichita Outriders : RHP Jim Unknown
|
Batting: LHB Bellchyor Lebrim
|
0-0: Ball 1-0: Ground out 4-3 (Groundball, 4)
|
Batting: RHB Jeff Bass
|
0-0: Called Strike 0-1: Fly out, F7 (Flyball, 7D)
|
Batting: RHB Jean Lemaire
|
0-0: Called Strike 0-1: Ground out 5-3 (Groundball, 5S)
|
Top of the 6th over - 0 run(s), 0 hit(s), 0 error(s), 0 left on base; Balboa 4 - Wichita 3 |
BOTTOM OF THE 6TH |
Wichita Outriders batting - Pitching for Balboa Buccaneers : LHP Albert Lucas
|
Batting: RHB Jorge Rocha
|
0-0: Foul Ball, location: 2F 0-1: Foul Ball, location: 2F 0-2: Fly out, F7 (Line Drive, 7S)
|
Batting: RHB Jim Unknown
|
0-0: Ball 1-0: SINGLE (Line Drive, 6M)
|
Batting: RHB Jorge Vázquez
|
0-0: Ground out 4-3 (Groundball, 4M) Jim Unknown to second
|
Batting: LHB Jim Unknown
|
0-0: Ball 1-0: Called Strike 1-1: Ball 2-1: Swinging Strike 2-2: Fly out, F8 (Flyball, 8LD)
|
Bottom of the 6th over - 0 run(s), 1 hit(s), 0 error(s), 1 left on base; Balboa 4 - Wichita 3 |
TOP OF THE 7TH |
Balboa Buccaneers batting - Pitching for Wichita Outriders : RHP Jim Unknown
|
Batting: RHB Leonard James
|
0-0: Called Strike 0-1: Ball 1-1: Swinging Strike 1-2: Foul Ball, location: 2F 1-2: Fly out, F5 (Line Drive, 5)
|
Batting: RHB Bill Manning
|
0-0: Foul Ball, location: 2F 0-1: Fly out, F8 (Flyball, 78D)
|
Batting: LHB Anthony Trigg
|
0-0: Ball 1-0: Ball 2-0: Ground out 4-3 (Groundball, 4M)
|
Top of the 7th over - 0 run(s), 0 hit(s), 0 error(s), 0 left on base; Balboa 4 - Wichita 3 |
BOTTOM OF THE 7TH |
Wichita Outriders batting - Pitching for Balboa Buccaneers : LHP Albert Lucas
|
Batting: LHB Herman Gilliland
|
0-0: Ball 1-0: Foul Ball, location: 2F 1-1: Swinging Strike 1-2: SINGLE (Line Drive, 9S)
|
Pinch Hitting: SHB Jim Unknown
|
0-0: Ball 1-0: Fly out, F9 (Line Drive, 89S)
|
Pinch Hitting: RHB Jim Unknown
|
0-0: Ball 1-0: Fly out, F7 (Flyball, 7M)
|
Pitching: RHP Bill Swain
|
|
Batting: RHB Jim Unknown
|
0-0: Swinging Strike 0-1: Ball 1-1: Ball 2-1: Ball 3-1: Foul Ball, location: 2F 3-2: Strikes out swinging
|
Bottom of the 7th over - 0 run(s), 1 hit(s), 0 error(s), 1 left on base; Balboa 4 - Wichita 3 |
TOP OF THE 8TH |
Balboa Buccaneers batting - Pitching for Wichita Outriders : RHP Jim Unknown
|
Now at 2B: Jim Unknown
|
|
Now at 3B: Jim Unknown
|
|
Batting: LHB Jafar Taha
|
0-0: Ball 1-0: Called Strike 1-1: Swinging Strike 1-2: Fly out, F8 (Flyball, 8RM)
|
Batting: SHB Theodore Buck
|
0-0: Called Strike 0-1: Swinging Strike 0-2: Ball 1-2: Strikes out looking
|
Batting: RHB César Garza
|
0-0: Foul Ball, location: 2F 0-1: Fly out, F8 (Flyball, 8RD)
|
Top of the 8th over - 0 run(s), 0 hit(s), 0 error(s), 0 left on base; Balboa 4 - Wichita 3 |
BOTTOM OF THE 8TH |
Wichita Outriders batting - Pitching for Balboa Buccaneers : RHP Bill Swain
|
Pitching: RHP José Domingo
|
|
Batting: RHB Christian O'Neal
|
0-0: Ball 1-0: Ball 2-0: Called Strike 2-1: Swinging Strike 2-2: Strikes out looking
|
Batting: RHB Jorge Rocha
|
0-0: Ground out 5-3 (Groundball, 56)
|
Batting: RHB Jim Unknown
|
0-0: Called Strike 0-1: Ball 1-1: Foul Ball, location: 2F 1-2: Ground out 6-3 (Groundball, 6M)
|
Bottom of the 8th over - 0 run(s), 0 hit(s), 0 error(s), 0 left on base; Balboa 4 - Wichita 3 |
TOP OF THE 9TH |
Balboa Buccaneers batting - Pitching for Wichita Outriders : RHP Jim Unknown
|
Pitching: LHP Jim Unknown
|
|
Batting: LHB Bellchyor Lebrim
|
0-0: Called Strike 0-1: Ball 1-1: Called Strike 1-2: Strikes out swinging
|
Batting: RHB Jeff Bass
|
0-0: Ball 1-0: Swinging Strike 1-1: Ball 2-1: Ball 3-1: SINGLE (Groundball, 5L) (infield hit)
|
Batting: RHB Jean Lemaire
|
0-0: Called Strike 0-1: SINGLE (Groundball, 56D) Jeff Bass to second
|
Batting: RHB Leonard James
|
0-0: Ball Jean Lemaire is caught stealing 2nd base 1-0: Foul Ball, location: 2F 1-1: Ground out 5-3 (Groundball, 56)
|
Top of the 9th over - 0 run(s), 2 hit(s), 0 error(s), 1 left on base; Balboa 4 - Wichita 3 |
BOTTOM OF THE 9TH |
Wichita Outriders batting - Pitching for Balboa Buccaneers : RHP José Domingo
|
Pitching: RHP Rubén Rodríguez
|
|
Batting: RHB Jorge Vázquez
|
0-0: Ball 1-0: Called Strike 1-1: Ball 2-1: Fly out, F7 (Flyball, 78S)
|
Batting: LHB Jim Unknown
|
0-0: Foul Ball, location: 2F 0-1: Ball 1-1: Ball 2-1: Foul Ball, location: 2F 2-2: Ball 3-2: Foul Ball, location: 2F 3-2: Foul Ball, location: 2F 3-2: Base on Balls
|
Batting: LHB Herman Gilliland
|
0-0: Called Strike 0-1: Called Strike 0-2: Ball 1-2: Foul Ball, location: 2F 1-2: SINGLE (Groundball, 4MD) Jim Unknown to second Runner from 2nd tries for 3rd, SAFE, throw made to third
|
Batting: SHB Jim Unknown
|
0-0: Swinging Strike 0-1: Ball 1-1: Fly out, F8 (Flyball, 8RM) Runner from 3rd tags up, OUT at HOME
|
Bottom of the 9th over - 0 run(s), 1 hit(s), 0 error(s), 1 left on base; Balboa 4 - Wichita 3 |
|